 Dungeon Crawl Stone Soup version 0.29-a0-821-g66395355a5 (webtiles) character file.

Game seed: 11480601438440805726

3892 jfcaron the Cleaver (level 10, -2/88 HPs)
             Began as a Hill Orc Brigand on July 7, 2022.
             Was a Believer of the Shining One.
             Slain by a two-headed ogre
             ... wielding a +0 giant club
              (14 damage)
             ... on level 8 of the Dungeon.
             The game lasted 00:23:06 (9930 turns).

jfcaron the Cleaver (Hill Orc Brigand)              Turns: 9930, Time: 00:23:07

Health: -2/88      AC: 16    Str: 22    XL:     10   Next: 19%
Magic:  23/23      EV:  5    Int: 11    God:    the Shining One [**....]
Gold:   66         SH:  9    Dex: 12    Spells: 9/9 levels left

rFire   . . .      SeeInvis .   a - +3 war axe (vorpal)
rCold   + . .      Faith    .   z - +0 kite shield
rNeg    + . .      Spirit   .   K - +0 plate armour
rPois   +          Reflect  .   i - +1 helmet
rElec   .          Harm     .   c - +0 cloak
rCorr   .          Rampage  .   (no gloves)
Will    +....                   (no boots)
Stlth   ..........              (no amulet)
HPRegen 0.24/turn               p - ring "Dyntuxti" {rPois rC+ MP+9 Str+3}
MPRegen 0.18/turn               C - ring of willpower

@: glowing
A: no striking features
a: Renounce Religion, Divine Shield


You were on level 8 of the Dungeon.
You worshipped the Shining One.
The Shining One was pleased with you.
You visited 2 branches of the dungeon, and saw 9 of its levels.

You collected 361 gold pieces.
You spent 295 gold pieces at shops.

Inventory:

Hand Weapons
 a - a +3 vorpal war axe (weapon)
 b - a +2 flail of protection
 y - a +2 dagger
 N - a +0 demon whip of venom
Missiles
 d - 3 poisoned darts
 e - 11 curare-tipped darts {!f}
 k - 4 datura-tipped darts
 I - 2 stones (quivered)
Armour
 c - a +0 cloak (worn)
 i - a +1 helmet (worn)
 u - a +2 robe of cold resistance
 z - a +0 kite shield (worn)
 H - +0 acid dragon scales
 K - a +0 plate armour (worn)
Magical Staves
 B - a staff of cold
Jewellery
 p - the ring "Dyntuxti" (left hand) {rPois rC+ MP+9 Str+3}
   (You acquired it on level 4 of the Dungeon)

   [ring of protection from cold]

   Str:       It affects your strength (+3).
   rC:        It protects you from cold.
   rPois:     It protects you from poison.
   MP:        It affects your magic capacity (+9).
 C - a ring of willpower (right hand)
 D - a ring of fire
Wands
 m - a wand of acid (5)
 F - a wand of mindburst (2)
 J - a wand of paralysis (13)
Scrolls
 f - 3 scrolls of teleportation {unknown}
 h - a scroll of vulnerability {unknown}
 o - 3 scrolls of poison
 q - a scroll of silence {unknown}
 v - a scroll of amnesia {unknown}
 x - 4 scrolls of immolation {unknown}
 G - a scroll of enchant weapon {unknown}
 L - a scroll of fog
 M - a scroll of torment {unknown}
Potions
 g - a potion of haste {unknown}
 j - 6 potions of attraction
 l - a potion of heal wounds
 n - 2 potions of flight {unknown}
 r - a potion of lignification {unknown}
 s - 3 potions of curing
 t - 3 potions of degeneration {unknown}
 w - a potion of invisibility {unknown}
 A - a potion of mutation
 E - a potion of might {unknown}


   Skills:
 + Level 7.9 Fighting
 - Level 2.0 Short Blades
 + Level 8.1 Axes
 - Level 2.0 Throwing
 + Level 6.5 Armour
 - Level 1.0 Dodging
 - Level 3.2 Stealth
 + Level 6.6 Shields
 + Level 6.4 Invocations
 + Level 4.9 Evocations


You had 9 spell levels left.
You didn't know any spells.
Your spell library contained the following spells:

 Spells                   Type           Power      Damage    Failure   Level
 Ozocubu's Armour         Ice            0%         N/A       100%        3
 Ozocubu's Refrigeration  Ice            0%         4d5       100%        7


Dungeon Overview and Level Annotations

Branches:
Dungeon (8/15)             Temple (1/1) D:4
   Lair: D:8-11

Altars:
Ashenzari
Cheibriados
Dithmenos
Elyvilon
Fedhas
Hepliaklqana
Kikubaaqudgha
Makhleb
Nemelex Xobeh
Qazlal
Ru
Sif Muna
Trog
Uskayaw
Vehumet
Wu Jian
Xom
Yredelemnul
Zin
The Shining One

Shops:
D:1 (   D:2 *   D:8 (

Annotations:
D:7 exclusion: oklob plant


Message History

The two-headed ogre is lightly wounded.
Throw: 4 darts (poison)
Press: ? - help, Shift-Dir - straight line, f/p - two-headed ogre
Aim: a two-headed ogre, wielding two +0 giant clubs (moderately wounded, extremely poisoned, slow, haloed, 93% to hit)
You throw a poisoned dart.
The poisoned dart barely misses the two-headed ogre.
You hit the two-headed ogre.
The two-headed ogre is moderately wounded.
The two-headed ogre hits you with a +0 giant club! x2
You completely miss the two-headed ogre.
The two-headed ogre is moderately wounded.
You hit the two-headed ogre but do no damage.
The two-headed ogre is moderately wounded.
The two-headed ogre completely misses you.
The two-headed ogre hits you with a +0 giant club!
You slash the two-headed ogre!
The two-headed ogre is severely wounded.
The two-headed ogre is no longer moving slowly.
The two-headed ogre barely misses you.
The two-headed ogre hits you with a +0 giant club.
You hit the two-headed ogre.
The two-headed ogre is almost dead.
You block the two-headed ogre's attack.
The two-headed ogre hits you with a +0 giant club!!
* * * LOW HITPOINT WARNING * * *
You completely miss the two-headed ogre.
The two-headed ogre is severely wounded.
You completely miss the two-headed ogre.
The two-headed ogre is severely wounded.
You block the two-headed ogre's attack.
The two-headed ogre hits you with a +0 giant club!
* * * LOW HITPOINT WARNING * * *
Okay, then.
Unknown command.
Aiming: Mindburst
Press: ? - help, Shift-Dir - straight line, f/p - two-headed ogre
Aim: a two-headed ogre, wielding two +0 giant clubs (severely wounded, very poisoned, haloed, chance to affect: 67%)
The two-headed ogre struggles to resist.
The two-headed ogre hits you with a +0 giant club!
You die...

# ##.#..........##.#
###.#.#. #
#.##########.##.###
#.#.#. # #.# #.#....
...... # ##.##
#.#..##### ###..#.
###...## ### #....#...
..#. ##.....###.##
#......# #..#
#.......#.#.###......#
..#
.........###.........#
....>..>..#.###.@O(∩(#
...........# #....(.#
.........###
###.##..[. #.......##
... ... ##.....## ####
## ##...## #####


You could see a two-headed ogre (very poisoned).

Vanquished Creatures
  Amaemon (D:8)
  An orange demon (D:8)
  Maggie (D:8)
  An orc warrior (D:7)
  3 black bears
  2 ogres
  A centaur (D:6)
  3 phantoms
  A kobold brigand (D:7)
  4 bullfrogs
  A necrophage (D:4)
  4 scorpions
  11 wights
  5 hounds
  3 iron imps (D:3)
  3 jellies
  2 iguanas
  Terence (D:3)
  3 orc wizards
  Natasha (thrice) (D:4)
  4 gnolls (D:4)
  9 adders
  2 shadow imps
  2 worms
  2 dart slugs
  12 orcs
  An endoplasm (D:1)
  2 giant cockroaches
  8 goblins
  3 hobgoblins
  2 quokkas
  4 ball pythons
  3 bats
  A frilled lizard (D:2)
  6 kobolds
  6 rats
  A bush (D:7)
  20 fungi (D:7)
  67 plants (D:7)
209 creatures vanquished.

Notes
Turn   | Place    | Note
-------+----------+-------------------------------------------
     0 | D:1      | jfcaron the Hill Orc Brigand began the quest for the Orb.
     0 | D:1      | Reached XP level 1. HP: 18/18 MP: 1/1
   181 | D:1      | Found Kojonk's Antique Weapon Shop.
   254 | D:1      | Reached skill level 1 in Dodging
   254 | D:1      | Reached XP level 2. HP: 20/25 MP: 2/2
   601 | D:2      | Reached skill level 1 in Axes
   776 | D:2      | Found Vawoadgha's Assorted Antiques.
   779 | D:2      | Bought 2 black potions for 52 gold pieces
   804 | D:2      | Reached skill level 1 in Shields
   926 | D:2      | Found a hazy altar of Hepliaklqana.
   988 | D:2      | Reached XP level 3. HP: 31/31 MP: 3/3
  1250 | D:2      | Reached skill level 2 in Axes
  1484 | D:3      | Reached skill level 1 in Armour
  1571 | D:2      | Bought a scroll labelled JEETRE FAERYREKK for 29 gold
                  | pieces
  1648 | D:3      | Noticed Terence
  1657 | D:3      | Killed Terence
  1658 | D:3      | Reached XP level 4. HP: 20/38 MP: 4/4
  2093 | D:2      | Bought a coppery potion for 26 gold pieces
  2259 | D:3      | Reached XP level 5. HP: 43/46 MP: 5/5
  2414 | D:3      | Found a glowing golden altar of the Shining One.
  2444 | D:3      | Became a worshipper of the Shining One
  2520 | D:3      | Reached skill level 3 in Axes
  2636 | D:3      | Found a burning altar of Makhleb.
  2705 | D:3      | HP: 7/46 [iron imp (4)]
  2723 | D:3      | Reached XP level 6. HP: 24/52 MP: 6/6
  2949 | D:4      | Acquired the ring "Dyntuxti" {rPois rC+ MP+9 Str+3}
  3087 | D:4      | Found a staircase to the Ecumenical Temple.
  3096 | Temple   | Entered the Ecumenical Temple
  3455 | D:4      | Reached skill level 4 in Axes
  3794 | D:4      | Reached XP level 7. HP: 38/60 MP: 7/7
  3907 | D:4      | Noticed Natasha
  3921 | D:4      | Killed Natasha
  3974 | D:4      | Found a hazy altar of Hepliaklqana.
  3977 | D:4      | Noticed Natasha
  3999 | D:4      | Killed Natasha
  4037 | D:4      | Noticed Natasha
  4041 | D:4      | Killed Natasha
  4235 | D:4      | Reached skill level 5 in Fighting
  4665 | D:5      | Entered Level 5 of the Dungeon
  4880 | D:5      | Reached * piety under the Shining One
  4915 | D:5      | Reached skill level 1 in Invocations
  5113 | D:5      | Reached skill level 5 in Axes
  5113 | D:5      | Reached skill level 1 in Evocations
  5199 | D:5      | Found a glowing silver altar of Zin.
  5657 | D:5      | Reached XP level 8. HP: 69/69 MP: 9/9
  5853 | D:6      | Found a radiant altar of Vehumet.
  5854 | D:6      | Found a broken altar of Ashenzari.
  5856 | D:6      | Found a stormy altar of Qazlal.
  5856 | D:6      | Found an ornate altar of the Wu Jian Council.
  5856 | D:6      | Found an ancient bone altar of Kikubaaqudgha.
  5921 | D:6      | Identified the +0 robe "Qyahy" {Will+ Dex+4 Stlth+}
  6334 | D:6      | Reached skill level 6 in Axes
  6768 | D:7      | Reached skill level 5 in Shields
  7112 | D:7      | Reached skill level 5 in Armour
  7371 | D:7      | Reached XP level 9. HP: 75/78 MP: 12/12
  8221 | D:2      | Bought a runed war axe for 188 gold pieces
  8532 | D:7      | Found a blossoming altar of Fedhas.
  8545 | D:7      | Noticed an oklob plant
  9164 | D:8      | Reached skill level 7 in Axes
  9176 | D:8      | Noticed Maggie
  9178 | D:8      | Reached ** piety under the Shining One
  9182 | D:8      | Reached skill level 5 in Invocations
  9209 | D:8      | Killed Maggie
  9712 | D:8      | Noticed Amaemon
  9713 | D:8      | Noticed an orange demon
  9718 | D:8      | Killed Amaemon
  9719 | D:8      | Reached XP level 10. HP: 42/88 MP: 14/14
  9722 | D:8      | Killed an orange demon
  9723 | D:8      | Reached skill level 8 in Axes
  9912 | D:8      | Found Qeca's Weapon Boutique.
  9916 | D:8      | Noticed a two-headed ogre
  9929 | D:8      | HP: 12/88 [two-headed ogre/+0 giant club (7)]
  9930 | D:8      | Slain by a two-headed ogre

Illustrated notes

Levels and vault maps discovered:
D:1:      ncdulo_wetmaze, layout_rooms, serial_shops,
          nicolae_shop_hallway_stairs
D:2:      layout_loops_ring, serial_shops, shop, basic_altar
D:3:      layout_rooms, demons_altar, mainiacjoe_overflow_alcove_4, uniq_terence
D:4:      layout_loops_ring, mainiacjoe_overflow_alcove_2,
          minmay_temple_entry_stoned_glass, nicolae_titane, uniq_natasha
D:5:      layout_cave_pools, mainiacjoe_overflow_chevrons
D:6:      layout_gridville, grunt_temple_overflow_open,
          minmay_misc_feat_pillars, kennysheep_generic_room_15
D:7:      layout_basic, tgw_fedhas, roderic_lattice_a
D:8:      layout_loops_ring, serial_shops, shop, skrybe_limestone_x,
          uniq_maurice, uniq_amaemon, uniq_maggie
Temple:   hellmonk_temple_rainy

Skill      XL: |  1  2  3  4  5  6  7  8  9 10 |
---------------+-------------------------------+-----
Dodging        | 1 |  1.0
Throwing       | 2 |  2.0
Axes           | 1 2 3 4 5 6 7 8 |  8.1
Shields        | 1 2 3 4 5 6 |  6.6
Fighting       | 3 4 5 6 7 |  7.9
Armour         | 1 2 3 4 5 6 |  6.5
Invocations    | 2 4 6 |  6.4
Evocations     | 1 3 4 |  4.9
Short Blades   | |  2.0
Stealth        | |  3.2

Action                   |  1- 3 |  4- 6 |  7- 9 | 10-12 || total
-------------------------+-------+-------+-------+-------++-------
Melee: Dagger            |    75 |   245 |   145 |       ||   465
       Flail             |       |       |   121 |       ||   121
       War axe           |       |       |   152 |     8 ||   160
Throw: Stone             |    18 |     9 |    37 |     2 ||    66
       Dart              |    20 |    33 |    55 |     4 ||   112
       Boomerang         |       |       |     1 |       ||     1
Evoke: Wand              |       |       |     9 |     3 ||    12
  Use: Potion            |       |     1 |       |       ||     1
       Scroll            |       |     7 |     1 |       ||     8
 Stab: Sleeping          |     2 |       |       |       ||     2
Armor: Robe              |    10 |     4 |       |       ||    14
       Leather armour    |     7 |       |       |       ||     7
       Scale mail        |       |    21 |       |       ||    21
       Chain mail        |       |    71 |   185 |       ||   256
       Plate armour      |       |       |    24 |     1 ||    25
Dodge: Dodged            |    36 |    51 |    81 |     4 ||   172
Block: Buckler           |     6 |    24 |     8 |       ||    38
       Kite shield       |       |       |   140 |     4 ||   144

Table legend: (Time is in decaauts)
 A = Elapsed time spent in this place.
 B = Non-inter-level travel time spent in this place.
 C = Inter-level travel time spent in this place.
 D = Time resting spent in this place.
 E = Time spent auto-exploring this place.
 F = Levels seen in this place.
 G = Mean time per level.
                   A        B        C        D        E       F      G
               +--------+--------+--------+--------+--------+-----+--------+
         Total |  10089 |   9218 |    871 |   2552 |   4734 |   9 | 1121.0 |
       Dungeon |  10062 |   9204 |    858 |   2552 |   4725 |   8 | 1257.8 |
        Temple |     27 |     14 |     13 |      0 |      9 |   1 |   27.0 |
               +--------+--------+--------+--------+--------+-----+--------+

Top non-repeatable levels by time:
     D:7: 2161 daAuts
     D:4: 1746 daAuts
     D:3: 1371 daAuts
     D:5: 1245 daAuts
     D:2: 1103 daAuts
     D:6: 965 daAuts
     D:8: 848 daAuts
     D:1: 621 daAuts
  Temple: 27 daAuts
